 Dungeon Crawl Stone Soup version 0.25-a0-613-gf4b266557c (webtiles) character file.

Game seed: 8898500582735407077, levelgen mode: deterministic

12060 Eurus the Destroyer (level 11, -3/74 HPs)
             Began as a Mummy Conjurer on Mar 17, 2020.
             Was a Believer of Ashenzari.
             Slain by an orc warrior
             ... wielding a +0 flail
              (11 damage)
             ... on level 2 of the Orcish Mines.
             The game lasted 00:40:41 (13615 turns).

Eurus the Destroyer (Mummy Conjurer)               Turns: 13615, Time: 00:40:41

Health: -3/74      AC: 20    Str: 12    XL:     11   Next: 57%
Magic:  21/25      EV: 12    Int: 24    God:    Ashenzari [**....]
Gold:   1654       SH:  0    Dex: 13    Spells: 23/30 levels left

rFire    x . .     SeeInvis +   m - +2 rapier (vamp)
rCold    + . .     Gourm    .   (no shield)
rNeg     + + +     Faith    .   g - +4 troll leather armour (curse) {Purgy}
rPois    ∞         Spirit   .   c - +3 crown of Dyrovepreva {rElec Int+2 SInv} (curse)
rElec    +         Reflect  .   p - +2 cloak {MR+} (curse)
rCorr    .         Harm     .   k - +1 pair of gloves
MR       +++..                  s - +2 pair of boots
Stlth    ++........             (no amulet)
HPRegen  0.62/turn              t - +5 ring of intelligence
MPRegen  0.19/turn              e - ring of protection from magic

@: about to teleport
A: no food or potions, fire vulnerability, cold resistance 1, negative energy
resistance 3, torment resistance, unbreathing
a: Curse Item, Scrying, Renounce Religion


You were on level 2 of the Orcish Mines.
You worshipped Ashenzari.
Ashenzari was pleased with you.
You were not hungry.

You visited 3 branches of the dungeon, and saw 12 of its levels.
You also visited: Sewer.

You collected 1654 gold pieces.

Inventory:

Hand Weapons
 m - a +2 vampiric rapier (weapon)
 r - a +4 short sword
Armour
 c - the cursed +3 crown of Dyrovepreva (worn) {rElec Int+2 SInv}
   (You found it on level 4 of the Dungeon)

   It affects your intelligence (+2).
   It insulates you from electricity.
   It lets you see invisible.
   It has a curse placed upon it.
 d - a +0 kite shield
 g - a cursed +4 troll leather armour (worn) {Purgy}
 k - a +1 pair of gloves (worn)
 p - a cursed +2 cloak of magic resistance (worn)
 s - a +2 pair of boots (worn)
Magical Staves
 x - a cursed staff of power
Jewellery
 e - a ring of protection from magic (right hand)
 i - an uncursed ring of flight
 l - a +2 ring of intelligence
 o - a +2 ring of dexterity
 t - a +5 ring of intelligence (left hand)
 u - an uncursed ring of protection from cold
Wands
 j - a wand of acid (9)
 q - a wand of clouds (6)
 y - a wand of flame (21)
 A - a wand of polymorph (13)
 C - a wand of random effects (23)
Scrolls
 a - a scroll of fear
 b - 3 scrolls of teleportation
 f - a scroll of amnesia
 h - 8 scrolls of identify
 n - 4 scrolls of blinking
 v - a scroll of remove curse
 w - 2 scrolls of fog
 z - a scroll of enchant armour
 B - a scroll of vulnerability {unknown}


   Skills:
 + Level 2.9 Fighting
 - Level 4.0 Armour
 - Level 1.5(2.6) Dodging
 - Level 1.5(2.6) Stealth
 + Level 6.6 Shields
 + Level 10.1 Spellcasting
 * Level 10.2 Conjurations
 + Level 5.6 Translocations


You had 23 spell levels left.
You knew the following spells:

 Your Spells              Type           Power        Failure   Level  Hunger
a - Magic Dart            Conj           ####         1%          1    N/A
b - Searing Ray           Conj           ######       1%          2    N/A
c - Iskenderun's Mystic   Conj/Tloc      ######..     2%          4    N/A

Your spell library contained the following spells:

 Spells                   Type           Power        Failure   Level  Hunger
 Apportation              Tloc           #####.       1%          1    N/A
 Dazzling Flash           Conj/Hex       #####.       2%          3    N/A
 Animate Skeleton         Necr           N/A          7%          1    N/A
 Corona                   Hex            ##.....      7%          1    N/A
 Pain                     Necr           ##..         7%          1    N/A
 Summon Small Mammal      Summ           ##..         7%          1    N/A
 Fulminant Prism          Conj/Hex       #####.....   8%          4    N/A
 Vampiric Draining        Necr           ##........   21%         3    N/A
 Animate Dead             Necr           N/A          54%         4    N/A
 Cause Fear               Hex            ##........   54%         4    N/A
 Agony                    Necr           ##......     88%         5    N/A
 Silence                  Hex/Air        ##........   88%         5    N/A
 Yara's Violent Unravell  Hex/Tmut       ##........   88%         5    N/A
 Deflect Missiles         Chrm/Air       ##........   100%        6    N/A
 Discord                  Hex            ##........   100%        8    N/A

Dungeon Overview and Level Annotations

Branches:
Dungeon (9/15)             Temple (1/1) D:4             Orc (2/2) D:9
    Elf (0/3) Orc:2         Sewer (visited)
   Lair: D:8-11

Altars:
Ashenzari
Cheibriados
Dithmenos
Elyvilon
Fedhas
Gozag
Hepliaklqana
Kikubaaqudgha
Makhleb
Nemelex Xobeh
Okawaru
Qazlal
Ru
Sif Muna
Trog
Uskayaw
Vehumet
Wu Jian
Xom
Yredelemnul
Zin
The Shining One
Beogh

Shops:
D:5 (

Annotations:
D:5 Maggie


Innate Abilities, Weirdness & Mutations

You do not eat or drink.
Your flesh is vulnerable to fire.
You are immune to poison.
Your flesh is cold resistant. (rC+)
You are immune to negative energy. (rN+++)
You are immune to unholy pain and torment.
You can survive without breathing.


Message History

As you read the scroll of teleportation, it crumbles to dust.
You feel strangely unstable.
The orc priest shouts!
An orc warrior comes into view. It is wielding a +0 flail.
The orc knight barely misses you. The orc warrior barely misses you.
The orc knight roars a battlecry!
The orcs go into a battle-frenzy!
The orc warrior hits you with a +0 flail!!
You hit the orc priest.
You feel better.
The orc priest is lightly wounded.
The orc priest invokes the aid of Beogh against you.
Beogh smites you!
* * * LOW HITPOINT WARNING * * *
The orc priest barely misses you. The orc priest misses you.
The orc priest complains repeatedly.
The orc knight unwields a +0 great mace.
The orc knight wields a +0 arbalest.
The orc knight shoots a bolt.
The bolt barely misses you.
The orc warrior hits you with a +0 flail!
You die...

..).#......
)..##........ ,,
....#*#####...##
,, ....#
*..,....## * *
....# .#. .#..#
, ....#
....,o..## ,
##..# .#..o#...#
,, * ..#.#
.......o.##*,
....#*
#...#(@.o# #...#
....o.ooo.#*, *
....#*
,.#..o#....# , *
...##
..........# ,*
....#
,.#..o#....#
....#
,.........##
...## .#...#...#
** ....#
.......## ....#
* ...#..


You could see an orc knight, 4 orc warriors and 5 orc priests.

Vanquished Creatures
  5 two-headed ogres
  A cyclops (Orc:2)
  2 hornets (D:9)
  2 hippogriffs
  A wraith (D:6)
  5 yaks (D:9)
  A wyvern (D:9)
  Eustachio (D:6)
  A warg (Orc:2)
  A soldier ant (D:9)
  Duvessa (D:6)
  14 orc warriors
  Purgy (Sewer)
  A necrophage (D:9)
  A sky beast (D:7)
  11 ogres
  2 centaurs
  An ice beast (D:8)
  3 big kobolds
  5 bullfrogs
  2 gnoll sergeants
  Dowan (D:6)
  20 killer bees
  3 scorpions
  3 wights (D:9)
  A crimson imp (D:5)
  3 bullfrog zombies
  2 jellies
  Crazy Yiuf (D:2)
  6 orc priests
  3 hounds
  21 orc wizards
  3 iguanas
  4 worker ants
  16 gnolls
  2 worker ant zombies (D:9)
  12 adders
  3 shadow imps
  A worm (D:9)
  3 dart slugs
  5 leopard geckos
  62 orcs
  4 giant cockroaches
  13 hobgoblins
  4 jackals
  29 kobolds
  6 quokkas
  3 ball pythons
  3 bats
  4 frilled lizards
  8 goblins
  A jackal skeleton (D:7)
  2 quokka zombies
  10 rats
  A fungus (D:2)
325 creatures vanquished.

Notes
Turn   | Place    | Note
-------+----------+-------------------------------------------
     0 | D:1      | Eurus the Mummy Conjurer began the quest for the Orb.
     0 | D:1      | Reached XP level 1. HP: 13/13 MP: 4/4
   285 | D:1      | Reached XP level 2. HP: 13/19 MP: 6/6
   289 | D:1      | Learned a level 2 spell: Searing Ray
   966 | D:1      | Reached XP level 3. HP: 22/24 MP: 5/7
  1352 | D:2      | Found a sacrificial altar of Ru.
  1359 | D:2      | Reached skill level 1 in Shields
  1367 | D:2      | Reached XP level 4. HP: 28/30 MP: 1/9
  2016 | D:2      | Found a runed translucent door.
  2017 | D:2      | Noticed Crazy Yiuf
  2029 | D:2      | Killed Crazy Yiuf
  2029 | D:2      | Reached XP level 5. HP: 12/35 MP: 1/11
  2525 | D:3      | Found a glowing drain.
  2536 | Sewer    | Entered a sewer
  2605 | Sewer    | Noticed Purgy
  2632 | Sewer    | Killed Purgy
  3053 | D:3      | Reached XP level 6. HP: 41/41 MP: 10/12
  3934 | D:4      | Reached skill level 5 in Conjurations
  4033 | D:4      | Found a staircase to the Ecumenical Temple.
  4056 | Temple   | Entered the Ecumenical Temple
  4249 | Temple   | Became a worshipper of Ashenzari the Shackled
  4445 | D:4      | Found a blossoming altar of Fedhas.
  4539 | D:4      | Reached skill level 1 in Armour
  4642 | D:4      | Found the +3 crown of Dyrovepreva {rElec Int+2 SInv}
  4752 | D:4      | Reached skill level 5 in Spellcasting
  4811 | D:4      | Reached XP level 7. HP: 46/46 MP: 9/14
  5029 | D:4      | Learned a level 4 spell: Iskenderun's Mystic Blast
  5256 | D:5      | Entered Level 5 of the Dungeon
  5667 | D:5      | Found Dawyuff's Weapon Shoppe.
  5677 | D:5      | Found an ornate altar of the Wu Jian Council.
  6121 | D:6      | Noticed Duvessa
  6121 | D:6      | Noticed Dowan
  6132 | D:6      | Killed Duvessa
  6258 | D:6      | Killed Dowan
  6258 | D:6      | Reached XP level 8. HP: 52/52 MP: 10/16
  6361 | D:6      | Reached skill level 1 in Translocations
  6639 | D:6      | Noticed Maggie
  6717 | D:6      | Reached * piety under Ashenzari
  6784 | D:6      | Noticed Eustachio
  6807 | D:6      | Killed Eustachio
  7443 | D:7      | Noticed a hippogriff
  7446 | D:7      | Reached XP level 9. HP: 57/57 MP: 8/19
  8251 | D:7      | Found a burning altar of Makhleb.
  8634 | D:7      | Found a glowing golden altar of the Shining One.
  8886 | D:8      | Identified a scroll of acquirement
  9050 | D:8      | Noticed a two-headed ogre
  9116 | D:8      | Noticed a two-headed ogre
  9136 | D:8      | Killed a two-headed ogre
  9136 | D:8      | Reached skill level 5 in Shields
  9136 | D:8      | Reached XP level 10. HP: 59/63 MP: 12/22
  9267 | D:8      | Found a radiant altar of Vehumet.
  9511 | D:8      | Killed a two-headed ogre
 10496 | D:9      | Reached skill level 5 in Translocations
 10653 | D:9      | Found a staircase to the Orcish Mines.
 10873 | D:9      | Reached XP level 11. HP: 68/68 MP: 20/24
 11240 | D:9      | Reached ** piety under Ashenzari
 11462 | Orc:1    | Entered Level 1 of the Orcish Mines
 11638 | Orc:2    | Entered Level 2 of the Orcish Mines
 11919 | Orc:2    | Found a roughly hewn altar of Beogh.
 11982 | Orc:2    | Reached skill level 1 in Fighting
 12151 | Orc:2    | Found a staircase to the Elven Halls.
 12214 | Orc:1    | Noticed a two-headed ogre
 12223 | Orc:2    | Killed a two-headed ogre
 12426 | Orc:1    | Noticed a two-headed ogre
 12466 | Orc:1    | Reached skill level 10 in Conjurations
 12508 | Orc:1    | Killed a two-headed ogre
 12609 | Orc:1    | Reached skill level 10 in Spellcasting
 13406 | Orc:2    | Noticed a two-headed ogre
 13434 | Orc:2    | Killed a two-headed ogre
 13535 | Orc:2    | Found a roughly hewn altar of Beogh.
 13542 | Orc:2    | Noticed an orc warlord
 13612 | Orc:2    | Noticed an orc knight
 13615 | Orc:2    | Slain by an orc warrior

Levels and vault maps discovered:
D:1:      dpeg_arrival_morbid_curiosity, layout_basic, grunt_decor_one_mirror,
          minmay_pentomino_r2
D:2:      layout_rooms, nicolae_ru_great_annihilating_truth,
          uniq_crazy_yiuf_cottage
D:3:      layout_basic, portal_sewer_entry_d
D:4:      layout_basic, minmay_temple_entry_wispy, first_ration,
          chequers_serial_rivers_micro_c, fedhas_bush_and_centaur_altar
D:5:      layout_basic, serial_shops, shop, basic_altar
D:6:      layout_cave_pools, serial_park, serial_park_tiny_1,
          serial_park_tiny_1, ebering_dispersal_statue_hall, uniq_maggie,
          uniq_duvessa, uniq_eustachio
D:7:      layout_gridville, kennysheep_little_box,
          nicolae_tso_swordbearing_angel
D:8:      layout_cave_pools, basic_altar
D:9:      layout_basic, david_orc_4, hangedman_pestilent_swarm
Temple:   kilobyte_greek_temple
Orc:1:    layout_diamond_mine, nicolae_orc_rich_vein
Orc:2:    st_orc_pillars, layout_caves, basic_altar, mines2_david

Skill      XL: |  1  2  3  4  5  6  7  8  9 10 11 |
---------------+----------------------------------+-----
Spellcasting   | 3 4 5 6 8 9 10 | 10.1
Shields        | 1 2 3 4 5 6 |  6.6
Conjurations   | 4 5 6 7 8 9 10 | 10.2
Armour         | 1 2 3 4 |  4.0
Translocations | 2 3 5 |  5.6
Fighting       | 2 |  2.9
Dodging        | |  1.5
Stealth        | |  1.5

Action                   |  1- 3 |  4- 6 |  7- 9 | 10-12 || total
-------------------------+-------+-------+-------+-------++-------
Melee: Mace              |    70 |    55 |       |       ||   125
       Rapier            |       |    29 |    22 |    89 ||   140
 Cast: Magic Dart        |    24 |    14 |    36 |    67 ||   141
       Searing Ray       |     2 |    21 |    72 |    90 ||   185
Invok: Curse Item        |       |       |     3 |       ||     3
  Use: Scroll            |       |     9 |     8 |     1 ||    18
 Stab: Sleeping          |     1 |     2 |       |       ||     3
       Paralysed         |       |     1 |       |       ||     1
Armor: Robe              |    11 |    19 |       |       ||    30
       Troll leather arm |       |     9 |   132 |    90 ||   231
Dodge: Dodged            |    51 |    73 |   155 |   114 ||   393

Table legend:
 A = Non-vault XP
 B = Vault XP
 C = Vault XP percentage of total XP
 D = Non-vault monster count
 E = Vault monster count
 F = Vault count percentage of total count
                 A         B        C        D         E       F
            +---------+---------+-------+---------+---------+-------
      Total |   14521 |    2708 |  15.7 |     261 |      63 |  19.4
            +---------+---------+-------+---------+---------+-------
        D:1 |      36 |      12 |  25.0 |      22 |       7 |  24.1
        D:2 |      76 |      97 |  56.1 |      24 |       5 |  17.2
        D:3 |      28 |      13 |  31.7 |      14 |       1 |   6.7
        D:4 |     328 |     118 |  26.5 |      12 |       1 |   7.7
        D:5 |     404 |       0 |   0.0 |       5 |       0 |   0.0
        D:6 |    1274 |     418 |  24.7 |      35 |       3 |   7.9
        D:7 |    1407 |       0 |   0.0 |      32 |       0 |   0.0
        D:8 |    3144 |       0 |   0.0 |      19 |       0 |   0.0
        D:9 |    2643 |    1560 |  37.1 |      51 |      24 |  32.0
      Orc:1 |    1823 |       0 |   0.0 |      22 |       0 |   0.0
      Orc:2 |    3358 |     350 |   9.4 |      25 |      16 |  39.0
      Sewer |       0 |     140 | 100.0 |       0 |       6 | 100.0
            +---------+---------+-------+---------+---------+-------
